 Dungeon Crawl Stone Soup version 0.27-a0-650-g8dd3ea4f36 (webtiles) character file.

Game seed: 7067646007080594844

329 night the Conjurer (level 6, -1/45 HPs)
             Began as a Demigod Conjurer on Mar 13, 2021.
             Slain by a hornet (5 damage)
             ... on level 4 of the Dungeon on Mar 15, 2021.
             The game lasted 00:09:15 (3214 turns).

night the Conjurer (Demigod Conjurer)               Turns: 3214, Time: 00:09:15

Health: -1/45      AC:  7    Str:  8    XL:     6   Next: 4%
Magic:  12/15      EV: 12    Int: 28    God:
Gold:   84         SH:  0    Dex: 12    Spells: 3/13 levels left

rFire    . . .     SeeInvis .   e - +2 hand axe (venom)
rCold    . . .     Faith    .   (no shield)
rNeg     . . .     Spirit   .   a - +0 robe
rPois    .         Reflect  .   (no helmet)
rElec    .         Harm     .   m - +0 cloak
rCorr    .         Rampage  .   n - +2 pair of gloves
Will     .....                  q - +0 pair of boots
Stlth    ++........             f - amulet of magic regeneration
HPRegen  0.15/turn              (no ring)
MPRegen  0.39/turn              (no ring)

@: no status effects
A: high mp 1, forlorn, MP-powered wands
a: no special abilities


You were on level 4 of the Dungeon.
You visited 1 branch of the dungeon, and saw 4 of its levels.

You collected 84 gold pieces.

Inventory:

Hand Weapons
 e - a +2 hand axe of venom (weapon)
 g - a +0 whip
Missiles
 b - 270 stones
 c - 25 sling bullets
 d - 13 poisoned darts
 o - 4 boomerangs
Armour
 a - a +0 robe (worn)
 m - a +0 cloak (worn)
 n - a +2 pair of gloves (worn)
 q - a +0 pair of boots (worn)
Jewellery
 f - an amulet of magic regeneration (around neck)
 i - a ring of resist corrosion
Wands
 s - a wand of polymorph (7)
Scrolls
 h - 6 scrolls of identify {unknown}
 j - 2 scrolls of enchant weapon {unknown}
 k - 3 scrolls of blinking {unknown}
 l - a scroll of noise {unknown}
 r - a scroll of fear {unknown}
Potions
 p - a potion of heal wounds
 t - a potion of mutation


   Skills:
 - Level 1.7 Dodging
 - Level 1.7 Stealth
 + Level 4.1 Spellcasting
 + Level 5.5 Conjurations


You had 3 spell levels left.
You knew the following spells:

 Your Spells              Type           Power      Damage    Failure   Level
a - Magic Dart            Conj           100%       1d8       1%          1
b - Searing Ray           Conj           72%        3d6       1%          2
c - Dazzling Flash        Conj/Hex       42%        N/A       7%          3
d - Iskenderun's Mystic   Conj/Tloc      21%        2d6       24%         4

Your spell library contained the following spells:

 Spells                   Type           Power      Damage    Failure   Level
 Fulminant Prism          Conj/Hex       10%        3d9       24%         4


Dungeon Overview and Level Annotations

Branches:
Dungeon (4/15)
 Temple: D:4-7


Innate Abilities, Weirdness & Mutations

Your attributes grow dramatically as you level up.
You have an increased reservoir of magic. (+10% MP)
You shall have no god before yourself.
You expend magic power (3 MP) to strengthen your wands.


Message History

o - 4 boomerangs
Things that are here:
a +0 leather armour; an orc corpse
Things that are here:
a +0 mace; a +0 leather armour HP restored.
A quokka skeleton comes into view.
You barely miss the quokka skeleton. The quokka skeleton bites you.
You slash the quokka skeleton!
You destroy the quokka skeleton!
No target in view!
Really walk into a travel-excluded area? [Y]es or [N]o only, please.
Really walk into a travel-excluded area?
You are engulfed in blazing flames.
You see here a scroll labelled MALLOD QECAF.
j - 2 scrolls labelled MALLOD QECAF (gained 1)
You are engulfed in blazing flames.
Ouch! That really hurt!
* * * LOW HITPOINT WARNING * * *
You start resting.
An ogre is nearby!
The ogre shouts!
Things that are here:
a +0 short sword; an orc corpse You see here a +0 ring mail.
Things that are here:
a +0 club; a +0 scale mail
There is a stone staircase leading up here.
The ogre hits you with a +0 giant spiked club!
* * * LOW HITPOINT WARNING * * *
Really walk into a travel-excluded area?
Found a dagger and a ring mail.
Aiming: Polymorph
Press: ? - help, Shift-Dir - straight line, f - ogre
Aim: an ogre, wielding a +0 giant spiked club (will become an acid dragon, a hornet, or a human, chance to affect: 50%)
You feel a surge of power!
The ogre evaporates and reforms as a hornet!
The hornet stings you.
You die...

#...#######.......
[§.....§§§........#.
☼.....§☼○.#.....##
....)○§§.......##
##...#####.......#
#☼○§# #.......##
#§§§# #...#....#
#§○☼# #####<...#
#@y.#####..#.....#
####.....#.....###
#####.##....#
##....### ###.## ###


You could see a hornet.

Vanquished Creatures
  A neqoxec (D:3)
  A hound (D:3)
  Ijyb (D:3)
  3 adders
  3 gnolls (D:3)
  2 oozes
  An adder skeleton (D:4)
  2 worms
  A dart slug (D:1)
  3 leopard geckos
  8 orcs
  3 bats
  4 giant cockroaches
  5 goblins
  6 hobgoblins
  3 jackals (D:3)
  6 kobolds
  A ball python (D:3)
  7 frilled lizards
  A quokka skeleton (D:4)
  9 rats
71 creatures vanquished.

Vanquished Creatures (others)
  An orc priest (D:4)
  2 orc wizards (D:4)
  5 orcs (D:4)
  A ball python (D:4)
9 creatures vanquished.

Grand Total: 80 creatures vanquished

Notes
Turn   | Place    | Note
-------+----------+-------------------------------------------
     0 | D:1      | night the Demigod Conjurer began the quest for the Orb.
     0 | D:1      | Reached XP level 1. HP: 14/14 MP: 5/5
   108 | D:1      | Reached skill level 2 in Spellcasting
   419 | D:1      | Reached XP level 2. HP: 20/20 MP: 5/7
   455 | D:1      | Upgraded the game from 0.27-a0-631-g2d681adce0 to
                  | 0.27-a0-650-g8dd3ea4f36
   588 | D:1      | Learned a level 2 spell: Searing Ray
   666 | D:1      | Reached skill level 4 in Conjurations
  1290 | D:2      | Reached XP level 3. HP: 15/26 MP: 3/9
  2123 | D:3      | Noticed a moth of wrath
  2142 | D:3      | Reached XP level 4. HP: 33/33 MP: 8/11
  2686 | D:4      | Noticed an ogre
  2769 | D:4      | Noticed Grinder
  2769 | D:4      | Noticed Ijyb
  2771 | D:4      | Paralysed by Grinder for 2 turns
  2777 | D:3      | Killed Ijyb
  2778 | D:3      | Reached skill level 5 in Conjurations
  2778 | D:3      | Reached XP level 5. HP: 38/38 MP: 9/13
  2793 | D:3      | Noticed Grinder
  2793 | D:3      | Grinder changed into Grinder the neqoxec
  2796 | D:3      | Gained mutation: Armour fits poorly on your strangely
                  | shaped body. [Grinder]
  2798 | D:3      | Gained mutation: You are clumsy. (Dex -2) [Grinder]
  2799 | D:3      | Killed Grinder the neqoxec
  2962 | D:3      | Lost mutation: You are clumsy. (Dex -2) [potion of
                  | mutation]
  2962 | D:3      | Lost mutation: Armour fits poorly on your strangely shaped
                  | body. [potion of mutation]
  2962 | D:3      | Gained mutation: You expend magic power (3 MP) to
                  | strengthen your wands. [potion of mutation]
  3077 | D:4      | Reached XP level 6. HP: 45/45 MP: 11/15
  3081 | D:4      | Learned a level 3 spell: Dazzling Flash
  3086 | D:4      | Learned a level 4 spell: Iskenderun's Mystic Blast
  3151 | D:4      | HP: 1/45 [something (24)]
  3204 | D:4      | HP: 2/45 [ogre/+0 giant spiked club (7)]
  3214 | D:4      | Noticed a hornet
  3214 | D:4      | an ogre changed into a hornet
  3214 | D:4      | Slain by a hornet

Illustrated notes

Levels and vault maps discovered:
D:1:      dpeg_arrival_morbid_curiosity, layout_basic,
          kennysheep_decorative_pillar, minmay_misc_feat_iff
D:2:      layout_rooms, pdpol_wu_jian_five_deadly_venoms,
          nemelex_dance_club_becter
D:3:      layout_rooms, nicolae_overflow_crystal_walls,
          nicolae_overflow_hidden_temple, tgw_trog,
          nicolae_dithmenos_through_a_glass_darkly
D:4:      layout_cave_pools, chequers_temple_overflow_minitemple,
          lemuel_flame_loot_1, uniq_grinder, uniq_ijyb, uniq_crazy_yiuf_cottage,
          uniq_robin, uniq_blork_the_orc

Skill      XL: |  1  2  3  4  5 |
---------------+----------------+-----
Spellcasting   | 2 3 4 |  4.1
Conjurations   | 4 5 |  5.5
Dodging        | |  1.7
Stealth        | |  1.7

Action                   |  1- 3 |  4- 6 || total
-------------------------+-------+-------++-------
Melee: Unarmed           |     4 |       ||     4
       Whip              |     4 |     1 ||     5
       Hand axe          |       |     5 ||     5
 Cast: Magic Dart        |    76 |    40 ||   116
       Searing Ray       |    11 |    10 ||    21
Evoke: Wand              |       |     2 ||     2
  Use: Potion            |       |     4 ||     4
Armor: Robe              |     7 |     6 ||    13
Dodge: Dodged            |    12 |    18 ||    30

Table legend: (Time is in decaauts)
 A = Elapsed time spent in this place.
 B = Non-inter-level travel time spent in this place.
 C = Inter-level travel time spent in this place.
 D = Time resting spent in this place.
 E = Time spent auto-exploring this place.
 F = Levels seen in this place.
 G = Mean time per level.
                   A        B        C        D        E       F      G
               +--------+--------+--------+--------+--------+-----+--------+
         Total |   3217 |   3054 |    163 |    773 |   1691 |   4 |  804.2 |
       Dungeon |   3217 |   3054 |    163 |    773 |   1691 |   4 |  804.2 |
               +--------+--------+--------+--------+--------+-----+--------+

Top non-repeatable levels by time:
     D:3: 1200 daAuts
     D:1: 1154 daAuts
     D:2: 632 daAuts
     D:4: 229 daAuts
